 Dungeon Crawl Stone Soup version 0.10.0-32-gfa280cc character file.

817 Zaljerem the Poker (level 7, -4/52 HPs)
             Began as a Demonspawn Chaos Knight on Mar 17, 2012.
             Was a Plaything of Xom.
             Killed by nerve-wracking pain
             ... invoked by an orc priest
              (6 damage)
             ... on Level 5 of the Dungeon on Mar 18, 2012.
             The game lasted 00:42:04 (3981 turns).

Zaljerem the Poker (Demonspawn Chaos Knight)        Turns: 3981, Time: 00:42:06

HP  -4/52        AC 17     Str 10 (12) XL: 7   Next:  6%
MP   8/8         EV  7     Int 13      God: Xom
Gold 241         SH 11     Dex 15      Spells:  0 memorised,  8 levels left

Res.Fire  : . . .   See Invis. : .   a - +2 spear {=f}
Res.Cold  : . . .   Warding    : . . z - +2 scale mail
Life Prot.: . . .   Conserve   : .   B - +2 buckler
Res.Acid. : . . .   Res.Corr.  : .   (no helmet)
Res.Poison: .       Clarity    : .   s - +0 dwarf cloak
Res.Elec. : .       Spirit.Shd : .   (no gloves)
Sust.Abil.: . .     Stasis     : +   A - +0 pair of dwarf boots
Res.Mut.  : .       Ctrl.Telep.: .   g - amulet of stasis
Res.Rott. : .       Levitation : .   (no ring)
Saprovore : . . .   Ctrl.Flight: .   (no ring)

@: slightly resistant to hostile enchantments, very unstealthy
A: conserve scrolls, demonic guardian 2, AC +6
a: Renounce Religion


You were on level 5 of the Dungeon.
You worshipped Xom.
You were a favourite toy of Xom.
You were not hungry.

You visited 2 branches of the dungeon, and saw 7 of its levels.

You collected 221 gold pieces.

Inventory:

Hand weapons
 a - a +2,+2 spear (weapon) {=f}
 h - a +0,+1 bow of flame
 m - a cursed -3,+0 orcish spear
 I - a +1,+1 quarterstaff
Missiles
 d - 99 +0 darts (quivered)
 e - 2 +0 darts of flame
 k - 15 exploding +0 darts {god gift}
Armour
 s - a +0 dwarven cloak (worn)
 z - a +2 scale mail (worn)
 A - a +0 pair of dwarven boots (worn)
 B - a +2 buckler (worn)
Magical devices
 n - a wand of magic darts (12) {unknown}
Comestibles
 c - a bread ration
 o - 4 meat rations
 t - an apple
 G - 2 chunks of worker ant flesh
 J - a chunk of ball python flesh
Scrolls
 v - a scroll of detect curse
 x - a scroll of remove curse
Jewellery
 f - an uncursed amulet of the gourmand
 g - an amulet of stasis (around neck)
Potions
 l - 2 potions of restore abilities
 p - a potion of brilliance {unknown}
 r - 3 potions of curing
 E - a potion of heal wounds
 H - a potion of agility {unknown}
Miscellaneous
 j - a disc of storms {god gift}


   Skills:
 * Level 4.0 Fighting
 * Level 4.5 Polearms
 * Level 1.6 Bows
 * Level 1.1 Throwing
 + Level 2.6 Armour
 + Level 2.4 Dodging
 + Level 2.3 Stealth
 + Level 1.1 Stabbing
 + Level 2.0 Shields
 * Level 2.5 Unarmed Combat
 + Level 1.0 Spellcasting


You had 8 spell levels left.
You didn't know any spells.

Dungeon Overview and Level Annotations

Branches:
Dungeon (6/27)             Temple (1/1) D:5
    Orc: D:6-11

Altars:
Ashenzari
The Shining One
Xom

Annotations
D:2 Terence


Innate Abilities, Weirdness & Mutations

You are mostly covered in iridescent scales (AC +6).
You are very good at protecting items from fire.
A demonic guardian rushes to your aid.


Message History

You puncture the orc priest.
The orc priest is severely wounded.
It hits you but does no damage. The orc priest closely misses you.
You puncture the orc priest but do no damage.
The orc priest is severely wounded.
You hear some strange, mumbled words.
The puff of flame hits you!
* * * LOW HITPOINT WARNING * * *
It hits you but does no damage. The orc priest closely misses you.
You puncture the orc priest but do no damage.
The orc priest is severely wounded.
The orc priest hits you but does no damage.
You puncture the orc priest but do no damage.
The orc priest is severely wounded.
You hear some strange, mumbled words.
The magic dart hits you!
* * * LOW HITPOINT WARNING * * *
The orc priest mumbles some strange prayers to Beogh against you.
Pain shoots through your body!
You die...

########## #...##...#
#...##...# ###
#####...##...#############
#.###.........................
#.............................
#.###....###.@)###########...#
#.# ####......o.((....####...#
#.# #####...)((............
#.# ###.####((.######## #.#
#.# ##.## #.############.# #.#
#.#........#.<.## #.#
#.#...####.#....# #.#
###.#...# #.#.%..## #.#


You could see an orc priest.

Vanquished Creatures
  An ice beast (D:6)
  An ogre (D:6)
  A crimson imp (D:4)
  A hound skeleton (D:6)
  A worker ant (D:6)
  2 gnolls (D:4)
  A giant mite (D:3)
  An adder zombie (D:6)
  4 worms
  A giant eyeball (D:5)
  2 oozes (D:4)
  4 orcs
  6 hobgoblins
  3 jackals (D:4)
  A quokka (D:6)
  3 ball pythons
  9 bats
  2 giant cockroaches
  3 giant newts
  3 goblins
  5 kobolds
  14 rats
69 creatures vanquished.

Vanquished Creatures (collateral kills)
  Prince Ribbit (D:5)
  A centaur (D:6)
  A gnoll (D:4)
  A giant mite (D:6)
  A worm (D:6)
  A giant cockroach (D:6)
  A goblin (D:4)
  A hobgoblin (D:6)
8 creatures vanquished.

Vanquished Creatures (others)
  An iron imp (D:6)
  A lemure (D:6)
  An ufetubus (D:6)
  3 toadstools
6 creatures vanquished.

Grand Total: 83 creatures vanquished

Notes
Turn   | Place    | Note
--------------------------------------------------------------
     0 | D:1      | Zaljerem, the Demonspawn Chaos Knight, began the quest for the Orb.
     0 | D:1      | Reached XP level 1. HP: 16/16 MP: 1/1
   209 | D:1      | Reached skill level 1 in Dodging
   342 | D:1      | XOM: miscast effect
   362 | D:1      | XOM: 1-stop teleportation journey
   404 | D:1      | XOM: god gift: 15 runed darts
   409 | D:1      | Gained mutation: You are very good at protecting items from fire.
   409 | D:1      | Reached XP level 2. HP: 22/22 MP: 2/2
  1150 | D:2      | Reached skill level 1 in Spellcasting
  1169 | D:2      | XOM: 5-stop teleportation journey
  1209 | D:2      | XOM: god gift: disc of storms {god gift}
  1276 | D:2      | Noticed Terence
  1340 | D:3      | Reached skill level 1 in Stealth
  1340 | D:3      | Reached skill level 1 in Unarmed Combat
  1340 | D:3      | Gained mutation: You are partially covered in iridescent scales (AC +4).
  1340 | D:3      | Gained mutation: A weak demonic guardian rushes to your aid.
  1340 | D:3      | Reached XP level 3. HP: 19/28 MP: 3/3
  1481 | D:3      | Found a shimmering altar of Xom.
  1523 | D:3      | Found a shattered altar of Ashenzari.
  1533 | D:3      | XOM: torment (15/28 hp)
  1553 | D:3      | XOM: cast spell 'Detect Items'
  2068 | D:4      | Reached skill level 1 in Shields
  2075 | D:4      | XOM: cast spell 'Detect Creatures'
  2175 | D:4      | XOM: miscast effect
  2431 | D:4      | Found a glowing golden altar of the Shining One.
  2534 | D:4      | Gained mutation: You are mostly covered in iridescent scales (AC +6).
  2534 | D:4      | Reached XP level 4. HP: 34/34 MP: 5/5
  2618 | D:4      | XOM: god gift: 36 gold pieces
  2902 | D:5      | Entered Level 5 of the Dungeon
  2945 | D:5      | Found a staircase to the Ecumenical Temple.
  2973 | Temple   | Entered the Ecumenical Temple
  2997 | D:5      | XOM: stat loss: -3 Dex (11/14)
  3008 | D:5      | Noticed Prince Ribbit
  3022 | D:5      | Killed Prince Ribbit
  3022 | D:5      | Reached skill level 4 in Polearms
  3022 | D:5      | Reached XP level 5. HP: 37/40 MP: 6/6
  3332 | D:6      | Reached XP level 6. HP: 29/46 MP: 7/7
  3673 | D:6      | Reached skill level 1 in Bows
  3673 | D:6      | Reached skill level 1 in Stabbing
  3769 | D:6      | Reached skill level 1 in Throwing
  3785 | D:6      | Gained mutation: A demonic guardian rushes to your aid.
  3785 | D:6      | Reached XP level 7. HP: 37/52 MP: 8/8
  3977 | D:5      | HP: 1/52 [orc priest/divine providence (9)]
  3981 | D:5      | Killed from afar by an orc priest
